 Dungeon Crawl Stone Soup version 0.29-a0-299-g4c793a2ed2 (webtiles) character file.

Game seed: 17661351269066883827

44 kae the Firebug (level 3, 0/20 HPs)
             Began as a Tengu Fire Elementalist on Mar 24, 2022.
             Frozen to death by an endoplasm (5 damage)
             ... on level 2 of the Dungeon.
             The game lasted 00:01:21 (1665 turns).

kae the Firebug (Tengu Fire Elementalist)           Turns: 1665, Time: 00:01:22

Health: 0/20       AC:  3    Str:  8    XL:     3   Next: 62%
Magic:  4/7        EV: 12    Int: 17    God:
Gold:   48         SH:  0    Dex: 14    Spells: 3/6 levels left

rFire   . . .      SeeInvis .   c - +0 short sword (venom)
rCold   . . .      Faith    .   (no shield)
rNeg    . . .      Spirit   .   a - +0 robe
rPois   .          Reflect  .   (helmet restricted)
rElec   .          Harm     .   d - +0 cloak
rCorr   .          Rampage  .   (no gloves)
Will    .....                   (boots unavailable)
Stlth   ++........              (no amulet)
HPRegen 0.06/turn               (no ring)
MPRegen 0.10/turn               (no ring)

@: lethally poisoned (0 -> -4)
A: beak, talons 3
a: no special abilities


You were on level 2 of the Dungeon.
You visited 1 branch of the dungeon, and saw 2 of its levels.

You collected 48 gold pieces.

Inventory:

Hand Weapons
 c - a +0 short sword of venom (weapon)
Armour
 a - a +0 robe (worn)
 d - a +0 cloak (worn)
Jewellery
 j - a ring of ice
 k - a ring of positive energy
Scrolls
 e - a scroll of identify
 f - a scroll of magic mapping {unknown}
 i - a scroll of teleportation
Potions
 b - a potion of magic
 g - a potion of ambrosia {unknown}
 h - a potion of cancellation


   Skills:
 + Level 0.9 Fighting
 + Level 2.6 Dodging
 - Level 2.0 Stealth
 + Level 2.3 Spellcasting
 + Level 2.3 Conjurations
 * Level 3.9 Fire Magic


You had 3 spell levels left.
You knew the following spells:

 Your Spells              Type           Power      Damage    Failure   Level
a - Foxfire               Conj/Fire      48%        2x1d6     5%          1
b - Scorch                Fire           30%        2d7       6%          2

Your spell library contained the following spells:

 Spells                   Type           Power      Damage    Failure   Level
 Shock                    Conj/Air       20%        1d4       12%         1
 Conjure Flame            Conj/Fire      12%        6-21      16%         3
 Inner Flame              Hex/Fire       8%         N/A       26%         3
 Gell's Gravitas          Tloc           1%         N/A       50%         3
 Swiftness                Air            1%         N/A       50%         3
 Teleport Other           Tloc           1%         N/A       50%         3
 Flame Wave               Conj/Fire      12%        2d6       45%         4
 Airstrike                Air            0%         N/A       88%         4
 Dispersal                Tloc           0%         N/A       100%        6


Dungeon Overview and Level Annotations

Branches:
Dungeon (2/15)

Altars:


Innate Abilities, Weirdness & Mutations

You have a beak for a mouth.
You have claws for feet.


Message History

The endoplasm is moderately wounded.
A goblin comes into view. It is wielding a +0 dagger.
The adder misses you.
You closely miss the adder.
The goblin shouts!
Your kick misses the adder.
The adder is heavily wounded.
The endoplasm barely misses you. The adder misses you.
You miss the adder.
The adder is heavily wounded.
The adder barely misses you. The endoplasm barely misses you.
You barely miss the adder. You claw the adder.
The adder is almost dead.
The adder closely misses you. The endoplasm closely misses you.
The adder bites you.
You barely miss the adder.
The adder is almost dead.
The endoplasm freezes you.
You are frozen.
The adder bites you.
You are poisoned.
The adder poisons you!
Casting: Foxfire (safe; 5% risk of failure)
Confirm with . or Enter, or press ? or * to list all spells.
You conjure some foxfire!
You feel sick. The adder bites you but does no damage.
The goblin hits you with a +0 dagger. The endoplasm barely misses you.
The adder bites you but does no damage.
* * * LOW HITPOINT WARNING * * *
You feel sick.
The foxfire hits the goblin.
You kill the goblin!
The foxfire hits the adder.
You kill the adder!
The endoplasm closely misses you.
Casting: Foxfire (safe; 5% risk of failure)
Confirm with . or Enter, or press ? or * to list all spells.
You conjure some foxfire!
* * * LOW HITPOINT WARNING * * *
You feel sick. The endoplasm freezes you.
You are frozen.
You die...

###...#######.........
.............#######.
#............# ##
#............# #.
#.......####.#######.
#....#.#####.#.......
#....#.......#.....##
#..v..########.....##
#..v@..# .'.....#.
#..J<.(# ##.....'.
#.....## #.....#.
........ ....(###.
........... ##... #.
..........#. #.####
..#######.#.. #.....
.. .# .. ##.....
.......


You could see an endoplasm (ally target).

Vanquished Creatures
  An adder (D:2)
  3 bats
  2 endoplasms (D:1)
  3 giant cockroaches
  3 jackals
  6 kobolds
  4 quokkas
  4 ball pythons
  4 goblins
  2 rats (D:2)
32 creatures vanquished.

Vanquished Creatures (others)
  58 foxfires
58 creatures vanquished.

Grand Total: 90 creatures vanquished

Notes
Turn   | Place    | Note
-------+----------+-------------------------------------------
     0 | D:1      | kae the Tengu Fire Elementalist began the quest for the
                  | Orb.
     0 | D:1      | Reached XP level 1. HP: 10/10 MP: 4/4
   342 | D:1      | Reached XP level 2. HP: 15/15 MP: 4/6
   827 | D:1      | Learned a level 2 spell: Scorch
   976 | D:1      | Found a faded altar of an unknown god.
  1407 | D:2      | Reached XP level 3. HP: 19/20 MP: 5/7
  1665 | D:2      | Frozen to death by an endoplasm

Illustrated notes

Levels and vault maps discovered:
D:1:      onia_arrival_pentagram, layout_basic, basic_ecumenical_altar,
          minmay_crystal_room, columned_hall_lemuel, minmay_misc_feat_x,
          roderic_roman_lattice
D:2:      layout_basic, basic_altar, minmay_quadrilaterals

Skill      XL: |  1  2 |
---------------+-------+-----
Conjurations   | 2 |  2.3
Fighting       | |  0.9
Dodging        | |  2.6
Stealth        | |  2.0
Spellcasting   | |  2.3
Fire Magic     | |  3.9

Action                   || total
-------------------------++-------
Melee: Short sword       ||    31
       Kick              ||     7
       Peck              ||     2
       Punch             ||     1
 Cast: Foxfire           ||    35
  Use: Scroll            ||     4
 Stab: Sleeping          ||     4
Armor: Robe              ||     4
Dodge: Dodged            ||    27

Table legend: (Time is in decaauts)
 A = Elapsed time spent in this place.
 B = Non-inter-level travel time spent in this place.
 C = Inter-level travel time spent in this place.
 D = Time resting spent in this place.
 E = Time spent auto-exploring this place.
 F = Levels seen in this place.
 G = Mean time per level.
                   A        B        C        D        E       F      G
               +--------+--------+--------+--------+--------+-----+--------+
         Total |   1667 |   1644 |     23 |    126 |   1297 |   2 |  833.5 |
       Dungeon |   1667 |   1644 |     23 |    126 |   1297 |   2 |  833.5 |
               +--------+--------+--------+--------+--------+-----+--------+

Top non-repeatable levels by time:
     D:1: 1252 daAuts
     D:2: 414 daAuts
